[Event "*** Titled Tuesday 3|2 Blitz"]
[Site "Chess.com"]
[Date "2015.08.04"]
[Round "8"]
[White "Konavets"]
[Black "samolo"]
[Result "1-0"]
[WhiteElo "2480"]
[BlackElo "2495"]
[TimeControl "180+2"]
[EndTime "13:16:44 PDT"]
[Termination "Konavets won by checkmate"]

1. e4 g6 2. d4 Bg7 3. Be3 d6 4. Qd2 a6 5. Nc3 b5 6. f3 Bb7 7.
h4 h5 8. Nh3 Nd7 9. Ng5 Ngf6 10. d5 c5 11. dxc6 Bxc6 12. a3 Rc8 13. Bd4 Qc7 14.
O-O-O Qb7 15. Kb1 a5 16. Nd5 Bxd5 17. exd5 b4 18. a4 Qxd5 19. Bb5 O-O 20. Rhe1 b3 21.
cxb3 e5 22. Bc3 Qxb3 23. Qc2 Qxc2+ 24. Kxc2 Nb6 25. Rxd6 Nfd5 26. Kb3 Nxc3 27. bxc3 Rb8 28. Ne4 Rfc8 29. Red1 Bf8 30. Rc6 Rxc6 31. Bxc6 Be7 32. Bb5 Bxh4 33. c4 f5 34. Nc3 Bf2 35. Rd6 Kg7 36.
Rc6 Kh6 37. c5 Nd7 38. Kc4 Nxc5 39. Rxc5 Bxc5 40. Kxc5 Kg5 41. Ne2 h4 42. Kd5 Kf6 43. Kd6 Rd8+ 44. Bd7 e4 45. fxe4 fxe4 46. Kc7 Rh8 47.
Kb6 Ke7 48. Bg4 Kd6 49. Nc3 Ke5 50. Ne2 Kd5 51. Bd7 Rd8 52. Bc6+ Ke5 53. Kxa5 g5 54. Kb6 g4 55. a5 h3 56. gxh3 gxh3 57. a6 h2 58. Ng3 e3 59. a7 Kf4 60. Ne2+ Ke5 61. Kc7 Rh8 62. a8=Q Rxa8 63. Bxa8 Kf5 64. Bf3 Ke5 65.
Kc6 Kf5 66. Kd5 Kg5 67. Ke4 Kh4 68. Kxe3 Kh3 69. Kf4 Kh4 70. Ng3 Kh3 71. Nf5 h1=Q 72. Bxh1 Kh2 73. Bf3 Kh3 74. Kg5 Kh2 75. Kg4 Kg1 76.
Kf4 Kf2 77. Nd4 Ke1 78. Ke3 Kf1 79. Nc2 Kg1 80. Nb4 Kf1 81. Nd3 Kg1 82. Ke2 Kh2 83.
Nf4 Kg3 84. Ng6 Kh3 85. Kf2 Kh2 86. Bg4 Kh1 87. Nh4 Kh2 88. Nf3+ Kh1 89. Nd2 Kh2 90. Nf1+ Kh1 91. Bf3# 1-0

[Event "*** Titled Tuesday 3|2 Blitz"]
[Site "Chess.com"]
[Date "2015.08.04"]
[Round "8"]
[White "PauloCesarCosta"]
[Black "myaccount88"]
[Result "1-0"]
[WhiteElo "2020"]
[BlackElo "2147"]
[TimeControl "180+2"]
[EndTime "13:16:56 PDT"]
[Termination "PauloCesarCosta won by resignation"]

1. Nf3 g6 2. d4 Bg7 3. e4 c5 4. Nc3 cxd4 5. Nxd4 Nc6 6. Be3 Nf6 7. Be2 O-O 8. O-O d6 9. Nb3 Be6 10. Qd2 Ne5 11. f3 Nc4 12. Bxc4 Bxc4 13. Rfd1 Qc7 14. Bd4 b5 15. a3 a5 16. Kh1 b4 17. axb4 axb4 18. Nd5 Nxd5 19. Bxg7 Kxg7 20. exd5 Rxa1 21. Rxa1 Bxb3 22. cxb3 Qc5 23. h3 Rc8 24. Rd1 Rc7 25. Kh2 f6 26. Kh1 Qc2 27. Qxc2 Rxc2 28. Rd4 Rxb2 29. Rxb4 Rd2 30. Rb5 f5 31. Kh2 Kf6 32.
Kg3 g5 33. b4 h5 34. Kh2 f4 35. Kg1 Ke5 36. Rb7 Kf6 37. Rb5 g4 38. hxg4 hxg4 39.
fxg4 Kg5 40. Rb7 Re2 41. b5 Kxg4 42. b6 Kg3 43. Kf1 Rf2+ 44. Ke1 Rxg2 45. Rxe7 Rg1+ 46. Kd2 Rg2+ 47. Kc3 f3 48. Rf7 Rh2 49. Rg7+ Kf2 50. b7 Rh8 51. Kb4 Ke3 52. Kb5 f2 53. Rf7 Kd4 54.
Rxf2 Kxd5 55. Ka6 Kc6 56. Ka7 Rh7 57. Rc2+ Kb5 58. Ka8 d5 59. b8=Q+ 1-0

[Event "*** Titled Tuesday 3|2 Blitz"]
[Site "Chess.com"]
[Date "2015.08.04"]
[Round "8"]
[White "lexiel"]
[Black "Krutoy123"]
[Result "0-1"]
[WhiteElo "2280"]
[BlackElo "2150"]
[TimeControl "180+2"]
[EndTime "13:17:04 PDT"]
[Termination "Krutoy123 won by resignation"]

1. d4 Nf6 2. Nc3 e6 3. Bf4 d5 4. e3 Bd6 5. Nge2 O-O 6. Qd2 c5 7. dxc5 Bxc5 8. O-O-O Nc6 9. f3 h6 10. Kb1 a6 11. g4 e5 12. Bg3 d4 13.
exd4 exd4 14. Ne4 Nxe4 15. fxe4 Bxg4 16. h3 Bf3 17. Rh2 Bd6 18. Bf4 Bxe2 19. Bxe2 Qb8 20. Rf2 Bxf4 21. Rxf4 Qd6 22. Bc4 Rad8 23. Rg1 Ne5 24. Bd5 Qb6 25. Qf2 Kh8 26. Rf5 f6 27. Rh5 Qc7 28. Qf4 Kh7 29. a3 Qe7 30. Rh4 Qd7 31. Rh5 g5 32. Qf2 Ng6 33. Qxd4 Nf4 34. Qd1 Qe8 35. Rh4 gxh4 36. Qg4 Ng6 37. Qf5 b5 38. a4 bxa4 39. Bc4 Rd6 40. Qh5 Ne5 41. Qf5+ Kh8 42. Qf4 Qh5 43. Be2 Qg5 44. Rxg5 hxg5 45. Qf5 Kg7 46. Bh5 Rfd8 47. Be2 Rc6 48. Qf1 Rb8 49.
Bd3 Rcb6 50. b4 Rxb4+ 51. Ka2 Rb2+ 52. Ka3 Nxd3 53. Qxd3 R2b3+ 54. cxb3 Rxb3+ 55. Qxb3 axb3 0-1

[Event "*** Titled Tuesday 3|2 Blitz"]
[Site "Chess.com"]
[Date "2015.08.04"]
[Round "8"]
[White "talaicito"]
[Black "Fawolizzo"]
[Result "1-0"]
[WhiteElo "2052"]
[BlackElo "1916"]
[TimeControl "180+2"]
[EndTime "13:17:04 PDT"]
[Termination "talaicito won on time"]

1. e4 c5 2. Nf3 d6 3. d4 cxd4 4. Nxd4 Nf6 5. Bd3 a6 6. Nc3 e6 7. Be3 Be7 8. f4 Qc7 9. Qf3 Nc6 10. g4 Nxd4 11. Bxd4 e5 12. Be3 Bxg4 13. Qg2 O-O 14. h3 Bh5 15. Rg1 g6 16. f5 b5 17. Kd2 b4 18.
Na4 d5 19. Nb6 Rad8 20. exd5 Nxd5 21. Nxd5 Rxd5 22. Qxd5 Rd8 23. Qe4 Qa5 24. b3 Qc7 25. Qc4 Qxc4 26. bxc4 e4 27. Raf1 exd3 28. cxd3 Bf6 29.
fxg6 Bc3+ 30. Kc2 hxg6 31. a3 Be2 32. Rf3 Bxd3+ 33. Kb3 a5 34. Bb6 Rd7 35. Bxa5 Bg7 36. axb4 Be2 37. Rfg3 Rd2 38. Ka4 Bxc4 39. Bc7 Ra2+ 40.
Ra3 Rb2 41. Bd6 Bd5 42. Bc5 Bc6+ 43. Ka5 Be5 44. Kb6 Bd5 45. Re3 Bg7 46. Re8+ Kh7 47. b5 Bc4 48. Kc7 Rb3 49. b6 Bb5 50. Re7 Kg8 51.
b7 Ba6 52. b8=Q+ Rxb8 53. Kxb8 Bc4 54. Re8+ Kh7 55. Rg4 Be6 56. Rh4+ Bh6 57. Be3 g5 58. Bxg5 Kg6 59. Bxh6 Bf5 60. Be3 Kf6 61. Rh6+ Kg7 62. h4 1-0

[Event "*** Titled Tuesday 3|2 Blitz"]
[Site "Chess.com"]
[Date "2015.08.04"]
[Round "8"]
[White "bugsbunny444"]
[Black "zmaj23"]
[Result "0-1"]
[WhiteElo "2302"]
[BlackElo "2492"]
[TimeControl "180+2"]
[EndTime "13:17:05 PDT"]
[Termination "zmaj23 won by checkmate"]

1. Nf3 c5 2. c4 g6 3. d4 cxd4 4.
Nxd4 Bg7 5. e4 d6 6. Nc3 Nf6 7. Be2 O-O 8. Be3 Nc6 9. O-O a6 10. f3 Nxd4 11. Bxd4 Be6 12. Qd2 Nd7 13. f4 Bxd4+ 14.
Qxd4 f6 15. Rfd1 Rc8 16. Rac1 Qa5 17. b3 Bf7 18. g3 Rcd8 19. Kg2 Nb8 20. Qd2 Nc6 21.
Nd5 Qxd2 22. Rxd2 Kg7 23. Bg4 e5 24. Ne3 Nd4 25. Nc2 Nxc2 26. Rcxc2 Be8 27. Be6 Bc6 28. Bd5 f5 29. exf5 Rxf5 30. fxe5 Rxe5 31. Rc3 Bxd5+ 32.
cxd5 Rd7 33. Rc8 Rde7 34. Rd8 Re2+ 35. Rxe2 Rxe2+ 36. Kf3 Rxa2 37. Rxd6 Rxh2 38. Rd7+ Kf6 39. Rxb7 Ke5 40. Rb6 a5 41. Rb5 Ra2 42. Ke3 h5 43. Kf3 Ra3 44. Kg2 Kd6 45. Rb6+ Kxd5 46. Rxg6 Kc5 47.
Rg5+ Kb4 48. Rxh5 Rxb3 49. Rh8 a4 50. Rb8+ Kc4 51. Ra8 a3 52. Kh3 Rd3 53. Kh4 Rd4+ 54. g4 Kb3 55. Kh5 Ra4 56. Rb8+ Rb4 57. Ra8 Ra4 58.
Rb8+ Kc2 59. Rc8+ Kd2 60. Rd8+ Ke2 61. Rc8 Kd2 62. Rd8+ Ke2 63. Rc8 a2 64. Rc1 a1=Q 65. Rxa1 Rxa1 66. g5 Kf3 67. g6 Kf4 68. g7 Kf5 69.
Kh6 Rh1# 0-1

[Event "*** Titled Tuesday 3|2 Blitz"]
[Site "Chess.com"]
[Date "2015.08.04"]
[Round "8"]
[White "yurisolo"]
[Black "stefanodinn"]
[Result "0-1"]
[WhiteElo "2367"]
[BlackElo "2158"]
[TimeControl "180+2"]
[EndTime "13:17:06 PDT"]
[Termination "stefanodinn won on time"]

1. e4 c5 2. d4 cxd4 3. c3 dxc3 4. Nxc3 Nc6 5. Nf3 d6 6. Bc4 e6 7. O-O Be7 8. Qe2 Nf6 9. Rd1 e5 10. Be3 O-O 11. Rac1 Bg4 12. h3 Bh5 13. g4 Bg6 14. Qd3 Nb4 15. Qb1 Rc8 16. Bb3 Rxc3 17. bxc3 Bxe4 18. Qa1 Bxf3 19. cxb4 Bxd1 20. Rxd1 a6 21.
Qc3 h6 22. a3 Qd7 23. Rc1 Rd8 24. Bb6 Re8 25. Qc7 Bd8 26. Qxd7 Nxd7 27. Be3 Nf6 28. Ba4 b5 29. Bb3 d5 30. Rc6 d4 31.
Bc1 a5 32. Rc5 axb4 33. axb4 e4 34. Rxb5 e3 35. fxe3 dxe3 36. Rb8 e2 37. Bd2 e1=Q+ 38. Bxe1 Rxe1+ 39. Kf2 Re8 40. Rb7 Be7 41. Ba4 Ne4+ 42. Kf3 Ng5+ 43. Kg2 Ra8 44. Bb3 Bf6 45. h4 Ne4 46.
Bxf7+ Kh7 47. h5 Ng5 48. Bg6+ Kg8 49. b5 Bd4 50. Rd7 Bc5 51. Rc7 Bb6 52. Rb7 Bc5 53. Kf1 Rf8+ 54. Ke2 Rf6 55. Kd3 Ne6 0-1

[Event "*** Titled Tuesday 3|2 Blitz"]
[Site "Chess.com"]
[Date "2015.08.04"]
[Round "8"]
[White "MITerryble"]
[Black "GMHess"]
[Result "0-1"]
[WhiteElo "2575"]
[BlackElo "2547"]
[TimeControl "180+2"]
[EndTime "13:17:22 PDT"]
[Termination "GMHess won by resignation"]

1. d4 g6 2. Nf3 Bg7 3. e4 d6 4.
Bc4 c6 5. O-O d5 6. exd5 cxd5 7. Bb3 Nf6 8. h3 O-O 9. c3 Nc6 10. Re1 Bf5 11. Nbd2 Rc8 12. Nf1 Na5 13. Ba4 a6 14. Ng3 Bd7 15. Bc2 Nc4 16. Ne5 e6 17. a4 Nxe5 18. dxe5 Ne8 19. a5 Rc5 20. Be3 Rxa5 21. Rxa5 Qxa5 22. b4 Qc7 23. Bd4 f6 24. f4 fxe5 25. fxe5 Bh6 26. h4 Bf4 27. Qg4 Ng7 28. Bd3 Bd2 29. Re2 Bxc3 30. Bc5 Bxe5 31.
Bxf8 Bxg3 32. Bc5 b6 33. Bf2 Bd6 34. Qf3 Bxb4 35. Bxa6 Bc5 36. Kh1 Bxf2 37. Qxf2 Nf5 38. Rc2 Qe5 39. Bd3 Ng3+ 40. Kg1 Qa1+ 41. Kh2 Nh5 42.
Re2 Nf6 43. Ra2 Ng4+ 44. Kg3 Nxf2 45. Rxa1 Nxd3 46. Ra3 Nc5 47. Kf4 Kf7 48. Ke5 Ke7 49. g4 Bc6 50. h5 Nd7+ 51. Kf4 gxh5 52. g5 e5+ 53. Kf5 e4 54. Rh3 d4 55. Rxh5 Nf8 56.
Rh6 e3 57. Rxc6 e2 58. Rc1 d3 59. Re1 Kf7 60. Ke4 d2 61. Rxe2 d1=Q 62. Rf2+ Kg7 0-1

[Event "*** Titled Tuesday 3|2 Blitz"]
[Site "Chess.com"]
[Date "2015.08.04"]
[Round "8"]
[White "WanderingPuppet"]
[Black "MFBerna"]
[Result "1/2-1/2"]
[WhiteElo "2176"]
[BlackElo "2092"]
[TimeControl "180+2"]
[EndTime "13:17:51 PDT"]
[Termination "Game drawn by repetition"]

1. e4 c5 2. Nf3 g6 3. d4 cxd4 4. Nxd4 Nc6 5. c4 Nf6 6. Nc3 d6 7. Be2 Nxd4 8. Qxd4 Bg7 9. O-O O-O 10. Qe3 Be6 11. Bd2 Qb6 12. Qxb6 axb6 13. Be3 Rfc8 14.
Bxb6 Bxc4 15. Rfe1 Nd7 16. Be3 Bxc3 17. bxc3 Rxa2 18.
Bxc4 Rxa1 19. Rxa1 Rxc4 20. Ra8+ Kg7 21. f3 f6 22. Ra7 Rc7 23. Kf2 Kf7 24. Ke2 Ne5 25. Bd4 Nc6 26. Ra2 f5 27. Bb6 Rc8 28. exf5 gxf5 29.
Ra4 Ne5 30. Rh4 Kg6 31. Bd4 Nd7 32. Kd2 e5 33. Be3 Nf6 34. Rh6+ Kg7 35. Bg5 Nd5 36. Rxd6 Nxc3 37. Bf6+ Kf7 38. Bxe5 Nb5 39. Rd5 Na7 40.
f4 Ke6 41. Rd6+ Ke7 42. Rh6 Nc6 43. Rxh7+ Ke6 44. Rh6+ Kd5 45. Rh5 Ke4 46. Rh7 Rd8+ 47. Ke2 b5 48. Rb7 b4 49. Rb6 Rc8 50. g3 Nxe5 51.
fxe5 Rc2+ 52. Kd1 Rxh2 53. Rxb4+ Kxe5 54. Rf4 Rg2 55. Rf3 Ke4 56. Rf4+ Ke5 57. Rf3 Kf6 58. Ke1 Kg5 59. Kf1 Ra2 60. Rf2 Ra3 61. Kg2 Kg4 62.
Rf4+ Kg5 63. Rf2 Rb3 64. Rf3 Rb4 65. Rf2 Kg4 66. Rd2 Re4 67. Rf2 Re3 68. Rf4+ Kg5 69. Kf2 Ra3 70. Kg2 Ra2+ 71. Kf3 Ra3+ 72. Kg2 Re3 73.
Kf2 Ra3 74. Kg2 1/2-1/2

[Event "*** Titled Tuesday 3|2 Blitz"]
[Site "Chess.com"]
[Date "2015.08.04"]
[Round "8"]
[White "dabee"]
[Black "ViktoriaGloriam"]
[Result "1/2-1/2"]
[WhiteElo "2440"]
[BlackElo "2209"]
[TimeControl "180+2"]
[EndTime "13:17:59 PDT"]
[Termination "Game drawn by agreement"]

1. d4 d5 2. Nf3 Nc6 3. Bf4 Bg4 4. Nbd2 e6 5. e3 Nf6 6. Bb5 Bd6 7. c3 O-O 8. O-O a6 9. Bxc6 bxc6 10. b4 Ne4 11. Qb3 a5 12. a3 a4 13. Qc2 Bf5 14. Nxe4 Bxe4 15. Qe2 Qf6 16. Ne5 Bxe5 17. Bxe5 Qg6 18.
f3 Bd3 19. Qd2 Bxf1 20. Rxf1 Ra7 21. Qe2 f6 22. Bg3 Rb8 23. e4 Qh5 24. Re1 Re8 25. c4 dxc4 26. Qxc4 Qb5 27. Rc1 Qxc4 28. Rxc4 Rd8 29.
Kf2 Rd7 30. Ke3 Ra6 31. h4 Kf7 32. h5 Ke8 33. Bf4 Kf7 34. g4 g5 35. hxg6+ hxg6 36. g5 fxg5 37. Bxg5 Ke8 38. Kf4 Rf7+ 39. Ke3 Kd7 40. Bf4 Ra8 41. Be5 Raf8 42. f4 Rh7 43. b5 Rh3+ 44. Kf2 cxb5 45. Rxc7+ Kd8 46. Rb7 Rxa3 47. Rxb5 Ra2+ 48. Kg3 Kd7 49. Rb7+ Kc6 50. Re7 a3 51. Rxe6+ Kb5 52. Re7 Rc2 53. Ra7 a2 54. d5 Kc4 55. d6 Kd3 56. d7 Kxe4 57. Bf6 Rd2 58. d8=Q Rfxd8 59. Bxd8 Rxd8 60. Rxa2 Kf5 61.
Ra5+ Kf6 62. Kg4 Rd6 63. Ra7 Rb6 64. Rc7 Rd6 65. Rc5 Rb6 66. Rc8 Rd6 67. Rf8+ Kg7 68.
Re8 Kf6 69. Rf8+ Kg7 70. Ra8 Kf6 71. Kf3 Rd3+ 72. Ke4 Rd6 73. Ra5 Re6+ 74. Kf3 Rb6 75. Re5 Rb3+ 76. Kg4 Rb4 77. Re8 Rb6 78. Rf8+ Kg7 79.
Rd8 Kf6 1/2-1/2

[Event "*** Titled Tuesday 3|2 Blitz"]
[Site "Chess.com"]
[Date "2015.08.04"]
[Round "8"]
[White "Bab3s"]
[Black "goldaxe"]
[Result "1/2-1/2"]
[WhiteElo "2131"]
[BlackElo "2165"]
[TimeControl "180+2"]
[EndTime "13:18:30 PDT"]
[Termination "Game drawn - insufficient material"]

1. e4 e5 2. Nf3 Nc6 3. Bc4 Bc5 4. c3 Nf6 5. d3 a6 6. Bb3 Ba7 7. O-O d6 8. Nbd2 O-O 9. Re1 Be6 10. Nf1 Bxb3 11.
axb3 Re8 12. Be3 Bxe3 13. Nxe3 d5 14. Qc2 dxe4 15. dxe4 Qe7 16. Nf5 Qe6 17. Ng5 Qc8 18. Qd3 h6 19. Nf3 Qe6 20. b4 Rad8 21. Qe3 Kh7 22.
h3 Rd7 23. g4 Red8 24. g5 Nh5 25. N3h4 Nf4 26. Qg3 Rd3 27. Nf3 Qg6 28. N5h4 Qh5 29. Kh2 hxg5 30. Nxg5+ Kg8 31. Ngf3 Ng6 32. Re3 Rxe3 33.
fxe3 Nxh4 34. Nxh4 Rd2+ 35. Ng2 Qe2 36. Rg1 f6 37. Kh1 Ne7 38. Nh4 g5 39. Nf5 Nxf5 40. exf5 Rxb2 41. h4 Qh5 42. Qg4 Qxg4 43. Rxg4 Re2 44.
hxg5 fxg5 45. Rxg5+ Kf7 46. Rg3 Kf6 47. Kg1 b6 48. Kf1 Rc2 49. e4 Kf7 50. Ke1 a5 51. bxa5 bxa5 52. Kd1 Rb2 53. Rg6 a4 54. Ra6 Ra2 55.
Ra7 Kf6 56. Rxc7 Kg5 57. Ra7 Kf4 58. f6 Kxe4 59. f7 Rf2 60. Rxa4+ Kd3 61. Ke1 Rxf7 62.
c4 e4 63. c5 Rc7 64. Ra3+ Kd4 65. Ke2 Rxc5 66. Rb3 Rc2+ 67. Ke1 Rh2 68. Ra3 Ke5 69. Rb3 Kf4 70. Ra3 Rg2 71. Rb3 Rg5 72. Ra3 Rd5 73. Rb3 Rd4 74. Ra3 Rd8 75. Rb3 Rg8 76.
Ra3 Rg7 77. Rb3 Rd7 78. Ra3 Rf7 79. Rb3 Ke5 80. Ra3 Kd4 81. Rb3 Ke5 82. Ra3 Kf4 83. Rb3 Ra7 84. Rc3 Ra1+ 85. Ke2 Ra2+ 86. Ke1 Rb2 87.
Ra3 e3 88. Ra8 Kf3 89. Rf8+ Ke4 90. Re8+ Kd3 91. Rd8+ Ke4 92. Re8+ Kd4 93. Rd8+ Kc3 94. Rc8+ Kb3 95. Rb8+ Kc2 96. Rxb2+ Kxb2 97. Ke2 Kc3 98. Kxe3 1/2-1/2

[Event "*** Titled Tuesday 3|2 Blitz"]
[Site "Chess.com"]
[Date "2015.08.04"]
[Round "9"]
[White "Ar4uha"]
[Black "WarlordX"]
[Result "1-0"]
[WhiteElo "2403"]
[BlackElo "2207"]
[TimeControl "180+2"]
[EndTime "13:20:55 PDT"]
[Termination "Ar4uha won by checkmate"]

1. e4 c5 2. Nf3 d6 3. Bb5+ Bd7 4.
Bxd7+ Nxd7 5. O-O g6 6. c3 Bg7 7.
d4 Ngf6 8. e5 Ng4 9. e6 fxe6 10.
Ng5 Ngf6 11. Nxe6 Qb6 12. Nxg7+ Kf7 13. Bh6 Rhg8 14. Qe2 cxd4 15. Qe6+ Kf8 16. Nf5+ Ke8 17. Qxe7# 1-0

[Event "*** Titled Tuesday 3|2 Blitz"]
[Site "Chess.com"]
[Date "2015.08.04"]
[Round "9"]
[White "pedromartinez91"]
[Black "bugsbunny444"]
[Result "0-1"]
[WhiteElo "2133"]
[BlackElo "2306"]
[TimeControl "180+2"]
[EndTime "13:21:24 PDT"]
[Termination "bugsbunny444 won - game abandoned"]

1. e4 e6 2. d4 d5 3. Nd2 Nf6 4. e5 Nfd7 5. Bd3 c5 6. c3 Nc6 7. Ne2 cxd4 8. cxd4 f6 9. exf6 Nxf6 10. Nf3 Bd6 11. O-O O-O 12. Bf4 Bxf4 13. Nxf4 Qd6 14. Qd2 Ne4 15. Bxe4 dxe4 16. Ne5 Nxe5 17. Qe3 Ng4 18. Qg3 Qxf4 0-1

[Event "*** Titled Tuesday 3|2 Blitz"]
[Site "Chess.com"]
[Date "2015.08.04"]
[Round "9"]
[White "stefanodinn"]
[Black "NMJeevanK"]
[Result "0-1"]
[WhiteElo "2149"]
[BlackElo "2132"]
[TimeControl "180+2"]
[EndTime "13:24:28 PDT"]
[Termination "NMJeevanK won by resignation"]

1. e4 e5 2. Nf3 Nc6 3. Bb5 a6 4. Ba4 Nf6 5. O-O Be7 6. Re1 b5 7.
Bb3 d6 8. c3 O-O 9. d3 Na5 10.
Bc2 c5 11. Nbd2 Nc6 12. Nf1 Qc7 13. h3 d5 14. exd5 Nxd5 15. Ng3 Be6 16. Ng5 Bxg5 17. Bxg5 f5 18. Bd2 f4 19. Ne4 f3 20. Ng5 Qd7 21. Nxf3 Rf6 22. Ng5 Raf8 23. Ne4 Rg6 24. Nxc5 Qf7 25. Re2 Bxh3 0-1

[Event "*** Titled Tuesday 3|2 Blitz"]
[Site "Chess.com"]
[Date "2015.08.04"]
[Round "9"]
[White "kesarev"]
[Black "silverback96"]
[Result "1-0"]
[WhiteElo "2170"]
[BlackElo "1876"]
[TimeControl "180+2"]
[EndTime "13:25:01 PDT"]
[Termination "kesarev won by resignation"]

1. Nf3 c5 2. c4 Nc6 3. g3 e5 4. Nc3 g6 5. d3 Bg7 6. h4 Nge7 7. h5 d5 8. cxd5 Nxd5 9. hxg6 hxg6 10. Rxh8+ Bxh8 11. Bg5 Qa5 12. Bd2 Qb6 13. Nxd5 Qd8 14. Nc3 Bg4 15.
Qa4 Bxf3 16. exf3 Kf8 17. Bg2 Nd4 18. Kf1 a6 19. Ne2 b5 20. Qa3 Qd6 21. Nxd4 Qxd4 22. Be3 Qd7 23. Qxc5+ Kg8 24. Rc1 Kh7 25. Kg1 Qxd3 26. f4 e4 27. Bf1 Qd7 28. b3 Rd8 29. Kg2 Qe6 30. Be2 Bg7 31. Qc6 Qf5 32. Qxa6 Bb2 33.
Rc5 Qd7 34. Qxb5 Qe6 35. Rc6 Qd7 36. Qc4 Kg7 37. Rc7 Qf5 38. Bg4 Qf6 39. Be6 1-0

[Event "*** Titled Tuesday 3|2 Blitz"]
[Site "Chess.com"]
[Date "2015.08.04"]
[Round "9"]
[White "KyronGriffith"]
[Black "ER404"]
[Result "1-0"]
[WhiteElo "2228"]
[BlackElo "2035"]
[TimeControl "180+2"]
[EndTime "13:25:42 PDT"]
[Termination "KyronGriffith won by resignation"]

1. e4 c6 2. d4 d5 3. e5 Bf5 4.
h4 h5 5. c4 e6 6. Nc3 Nd7 7. cxd5 cxd5 8. Bd3 Ne7 9. Bg5 Bxd3 10.
Qxd3 f6 11. exf6 gxf6 12. Bd2 Nf5 13. Nxd5 Bd6 14. Ne2 Rg8 15. Ndf4 Qe7 16. g3 O-O-O 17. d5 exd5 18. Qxf5 Rge8 19. O-O Kb8 20. Rfe1 Ne5 21. Nxd5 Qf7 22. Nec3 Bc5 23. Bf4 Rxd5 24. Nxd5 Qxd5 25. Qxf6 Bd4 26. Rad1 Ka8 27. Bxe5 Rxe5 1-0

[Event "*** Titled Tuesday 3|2 Blitz"]
[Site "Chess.com"]
[Date "2015.08.04"]
[Round "9"]
[White "ViktoriaGloriam"]
[Black "samolo"]
[Result "1-0"]
[WhiteElo "2222"]
[BlackElo "2482"]
[TimeControl "180+2"]
[EndTime "13:26:01 PDT"]
[Termination "ViktoriaGloriam won by resignation"]

1. e4 g6 2. d4 Bg7 3. Nc3 d6 4. f4 a6 5. Nf3 b5 6. a3 Bb7 7.
Be3 Nd7 8. Bd3 c5 9. e5 cxd4 10. Bxd4 Bxf3 11. Qxf3 dxe5 12. fxe5 Bxe5 13. Be4 Bxd4 14.
Bxa8 Ngf6 15. Bb7 Qb6 16. Nd5 Nxd5 17. Bxd5 Ne5 18. Qb3 e6 19. O-O-O O-O 20. Bf3 Rc8 21. Be2 Nc6 22. Rhf1 Qc7 23. Kb1 Kg7 24. c3 Be5 25. g3 Ne7 26. Rd3 Nd5 27. Rdf3 f5 28. g4 Nf6 29.
Qxe6 Nxg4 30. Rd3 Rd8 31. Rxd8 Qxd8 32. h3 Qf6 33. Qd7+ Kh6 34. hxg4 f4 35. Rh1+ Kg5 36. Qxh7 1-0

[Event "*** Titled Tuesday 3|2 Blitz"]
[Site "Chess.com"]
[Date "2015.08.04"]
[Round "9"]
[White "Konavets"]
[Black "Storne89"]
[Result "1-0"]
[WhiteElo "2491"]
[BlackElo "2475"]
[TimeControl "180+2"]
[EndTime "13:26:48 PDT"]
[Termination "Konavets won by resignation"]

1. e4 e5 2. Nf3 Nc6 3. Bb5 a6 4. Ba4 Nge7 5. c3 g6 6. O-O Bg7 7. Re1 O-O 8. d4 exd4 9. cxd4 b5 10. Bc2 d6 11. h3 Na5 12. Nc3 c5 13. dxc5 dxc5 14.
Qxd8 Rxd8 15. Bg5 Re8 16. Rad1 Be6 17. e5 h6 18. Bh4 g5 19. Bg3 Nf5 20. Bh2 Nb7 21.
Ne4 Rad8 22. g4 Nd4 23. Nxd4 cxd4 24. Bb3 Kf8 25. Nd6 Nxd6 26. exd6 Bxb3 27. axb3 Rxe1+ 28. Rxe1 Bf6 29. Kf1 Rc8 30. Ra1 Rc6 31. Ke2 Rc2+ 32. Kf3 Rxb2 33. Rxa6 Rxb3+ 34. Ke4 Rxh3 35. Ra8+ Kg7 36.
Be5 Rh1 37. Bxf6+ Kxf6 38. d7 Re1+ 39. Kd5 1-0

[Event "*** Titled Tuesday 3|2 Blitz"]
[Site "Chess.com"]
[Date "2015.08.04"]
[Round "9"]
[White "chessking2151"]
[Black "talaicito"]
[Result "1-0"]
[WhiteElo "2055"]
[BlackElo "2036"]
[TimeControl "180+2"]
[EndTime "13:27:03 PDT"]
[Termination "chessking2151 won by checkmate"]

1. e4 e6 2. d4 d5 3. Nd2 Nf6 4. e5 Nfd7 5. f4 c5 6. Ngf3 Nc6 7. c3 cxd4 8. cxd4 Qb6 9. Nb3 a5 10. a4 Bb4+ 11. Kf2 f6 12. Be3 O-O 13. Bd3 g5 14.
exf6 gxf4 15. Bxh7+ Kxh7 16. Ng5+ Kg6 17. Qd3+ Kxg5 18.
Qh7 fxe3+ 19. Kxe3 Bd2+ 20. Kxd2 Qb4+ 21. Kc2 Qc4+ 22.
Kb1 Kxf6 23. Nd2 Qe2 24. Rf1+ Qxf1+ 25. Nxf1 Nxd4 26. Ra3 Rf7 27. Qh8+ Rg7 28. Ng3 Kf7 29. Rd3 Nf6 30. Rxd4 b6 31. Qd8 Kg6 32. Rf4 Nh7 33. Qe8+ Kg5 34. Rf8 Bb7 35. Qh5# 1-0

[Event "*** Titled Tuesday 3|2 Blitz"]
[Site "Chess.com"]
[Date "2015.08.04"]
[Round "9"]
[White "CraiggoryC"]
[Black "PauloCesarCosta"]
[Result "1-0"]
[WhiteElo "2026"]
[BlackElo "2011"]
[TimeControl "180+2"]
[EndTime "13:27:07 PDT"]
[Termination "CraiggoryC won on time"]

1. e4 e6 2. d4 d5 3. Nd2 Nf6 4. e5 Nfd7 5. Bd3 c5 6. c3 Nc6 7. Ngf3 Be7 8. O-O O-O 9. Re1 cxd4 10. cxd4 Qb6 11. Nf1 Nb4 12. Bb1 a5 13. a3 Nc6 14.
Ng3 f6 15. exf6 Nxf6 16. Qd3 g6 17. Bh6 Re8 18. Re2 Bf8 19. Bxf8 Rxf8 20. h4 Qa6 21. Qe3 Bd7 22. h5 Kg7 23. hxg6 hxg6 24. Qg5 Ne4 25. Rxe4 dxe4 26. Bxe4 Be8 27. Nh5+ Kh7 28. Nf6+ Rxf6 29.
Qxf6 Qe2 30. Ng5+ Kg8 31. Qxe6+ Kg7 32. Bxc6 1-0

[Event "*** Titled Tuesday 3|2 Blitz"]
[Site "Chess.com"]
[Date "2015.08.04"]
[Round "9"]
[White "NowInChess"]
[Black "Fawolizzo"]
[Result "1-0"]
[WhiteElo "1993"]
[BlackElo "1910"]
[TimeControl "180+2"]
[EndTime "13:27:11 PDT"]
[Termination "NowInChess won on time"]

1. e4 c5 2. d3 d6 3. g3 Nc6 4. Bg2 g6 5. f4 Bg7 6. Nf3 e6 7. O-O Nge7 8. c3 O-O 9. Be3 b6 10. d4 cxd4 11. cxd4 d5 12. e5 Ba6 13. Re1 Rc8 14. Nc3 Nf5 15. Bf2 b5 16. g4 Nfe7 17.
Bh4 Qb6 18. Qd2 Rfe8 19. Bf6 Bf8 20. Qf2 Nb4 21. Bf1 Rc4 22. a3 Rxc3 23. bxc3 Nbc6 24. Qh4 Na5 25. Ng5 h6 26. Re3 Nc4 27. Rh3 Nf5 28.
gxf5 h5 29. fxg6 fxg6 30. Be2 Bg7 31. Bxh5 gxh5 32. Qxh5 Qb7 33. Qxe8+ 1-0

[Event "*** Titled Tuesday 3|2 Blitz"]
[Site "Chess.com"]
[Date "2015.08.04"]
[Round "9"]
[White "fancyknightmaneuvers"]
[Black "alturas_pacificas"]
[Result "0-1"]
[WhiteElo "2160"]
[BlackElo "2090"]
[TimeControl "180+2"]
[EndTime "13:27:28 PDT"]
[Termination "alturas_pacificas won by resignation"]

1. e4 c6 2. d4 d5 3. Nc3 dxe4 4. Nxe4 Nf6 5. Nxf6+ gxf6 6. Nf3 h5 7. Bf4 h4 8. h3 Bf5 9. Bd3 Bxd3 10. Qxd3 e6 11.
O-O-O Bd6 12. Qe4 Na6 13. Rhe1 Qc7 14. Bxd6 Qxd6 15. Nxh4 O-O-O 16. Nf3 Nc7 17. Kb1 Rdg8 18. Rg1 Nd5 19. h4 Qf4 20. Qxf4 Nxf4 21. g3 Nd5 22. c4 Ne7 23. Nd2 Nf5 24. Ne4 Rh6 25. Kc2 Kc7 26.
Kc3 Nd6 27. Nxd6 Kxd6 28. Rde1 f5 29. Re5 Rxh4 30. c5+ Kd7 31. Ree1 Rh2 32. Ref1 f4 33. g4 Ke7 34. Kd3 Kf6 35. Ke4 Kg5 36. Kf3 Rh3+ 37. Ke4 Rd8 38. Rg2 f6 39. Rgg1 a5 40. Rh1 Rdh8 41.
Rhg1 Rd8 42. Rg2 Rd5 43. Rgg1 Rd7 44. a3 a4 45. Rh1 Rdh7 46. Rxh3 Rxh3 47. f3 Rh2 48.
Rg1 Rxb2 49. Rh1 Re2+ 50. Kd3 Re3+ 51. Kd2 Rxf3 52. Re1 Re3 53. Rg1 e5 54. dxe5 fxe5 55. Rh1 Kxg4 0-1

[Event "*** Titled Tuesday 3|2 Blitz"]
[Site "Chess.com"]
[Date "2015.08.04"]
[Round "9"]
[White "Keaton87"]
[Black "arnacman"]
[Result "1-0"]
[WhiteElo "2432"]
[BlackElo "2241"]
[TimeControl "180+2"]
[EndTime "13:27:31 PDT"]
[Termination "Keaton87 won on time"]

1. e4 c5 2. Nf3 d6 3. d4 cxd4 4. Nxd4 Nf6 5. Nc3 a6 6. Bg5 e6 7.
f4 Qc7 8. Qf3 b5 9. Bxf6 gxf6 10.
O-O-O b4 11. Nce2 Bb7 12. f5 e5 13. Nb3 a5 14. Kb1 Nd7 15. Ng3 h5 16. Nxh5 Rxh5 17.
Qxh5 Bxe4 18. Bd3 Bxg2 19. Rhg1 Bc6 20. Qe2 d5 21. Bb5 a4 22. Bxc6 Qxc6 23. Nd4 Qb6 24. h4 Ra5 25. h5 Bc5 26. h6 Nf8 27. Rg8 Kd7 28. Rxf8 Bxf8 29. h7 Bg7 30. Qg2 Bh8 31. Qg8 exd4 32. Qxh8 b3 33. cxb3 axb3 34. Qf8 bxa2+ 35.
Ka1 Qb3 36. Qxf7+ Kc6 37. Rc1+ Rc5 38. Rxc5+ Kxc5 39. Qc7+ Kb4 40. Qb6+ Kc4 41. Qxb3+ Kxb3 42. h8=Q d3 43. Qxf6 1-0